Colorado Rockies vs Anaheim Ducks (R3)

Created - Sunday, November 23, 2025 at 08:06

Goals
1 2 3 T
Colorado Rockies 0 2 1 3
Anaheim Ducks 0 1 0 1
Shots
1 2 3 T
Colorado Rockies 6 8 13 27
Anaheim Ducks 6 9 12 27

1st period

No Goal

Penalties :
Nikita Kucherov (COL) for Hooking (Minor) at 5:00, Nazem Kadri (ANA) for Slashing (Minor) at 11:12, Nick Schmaltz (COL) for Tripping (Minor) at 13:36, Ivan Provorov (ANA) for Roughing (Minor) at 17:28

2nd period

1. Colorado Rockies , Nikita Kucherov 35 (Tim Stutzle 46, Philipp Kurashev 10) at 2:47
2. Colorado Rockies , Michael Bunting 17 (Nick Schmaltz 24, Vince Dunn 16) at 5:29
3. Anaheim Ducks , Brayden Schenn 23 (John Tavares 36) at 6:29 (PP)

Penalties :
David Pastrnak (COL) for Delaying the game (Minor) at 6:22, Vince Dunn (COL) for High sticking (Minor) at 7:27, Mason Marchment (ANA) for Hooking (Minor) at 13:30, Joey Daccord (COL) for Slashing (Minor) at 15:50 - Zach Whitecloud served the penalty

3rd period

4. Colorado Rockies , Quinn Hughes 4 (Nikita Kucherov 42, Joey Daccord) at 10:25

Penalties :
Parker Kelly (ANA) for Hooking (Minor) at 3:08, Zach Whitecloud (COL) for Slashing (Double Minor) at 7:25, Ivan Provorov (ANA) for Roughing (Minor) at 8:34, Michael Bunting (COL) for Hooking (Minor) at 11:18, Mason Marchment (ANA) for Interference (Minor) at 14:21

Goalie Stats

Joey Daccord (COL), 26 saves from 27 shots - (0.963), W, 10-13-4, 60:00 minutes
Linus Ullmark (ANA), 24 saves from 27 shots - (0.889), L, 35-24-6, 60:00 minutes

Players Stats for Colorado Rockies

Player Name              G  A  P  +/- PIM S  H  SB GA TA FO     MP     PP MP  PK MP  
------------------------------------------------------------------------------------
Andrew Peeke             0  0  0   2  0   0  0  0  0  1  0/0    22:29   4:53   5:52 
David Pastrnak           0  0  0   0  2   1  0  0  0  0  0/0    13:31   4:14   0:00 
Evgeny Kuznetsov         0  0  0   0  0   0  0  0  0  0  0/3     8:54   0:35   0:00 
Jesper Bratt             0  0  0   0  0   1  2  0  0  0  0/0    15:05   3:58   1:37 
Kevin Hayes              0  0  0   1  0   4  0  0  0  1  1/8    14:37   0:19   4:49 
Kyle Connor              0  0  0   2  0   1  1  1  0  2  0/0    20:25   5:22   5:29 
Kyle Palmieri            0  0  0   1  0   0  3  0  0  0  4/10   15:06   4:14   0:42 
Martin Fehervary         0  0  0   0  0   0  0  2  0  1  0/0    25:05   5:02   6:04 
Michael Bunting          1  0  1   1  2   3  0  0  0  0  1/1    14:14   0:00   4:29 
Nick Bonino              0  0  0   0  0   0  1  0  0  0  0/0     8:35   0:00   0:33 
Nick Schmaltz            0  1  1   1  2   5  1  0  0  0  3/12   15:15   0:19   4:27 
Nikita Kucherov          1  1  2   1  2   3  3  0  0  0  0/0    15:19   5:22   0:00 
Philipp Kurashev         0  1  1   0  0   2  0  0  1  1  0/0     8:04   0:00   0:00 
Quinn Hughes             1  0  1   2  0   1  0  2  0  1  0/0    22:29   4:53   5:52 
Tim Stutzle              0  1  1   1  0   0  2  0  0  0  4/15   16:24   5:22   1:25 
Victor Hedman            0  0  0   0  0   3  2  1  0  0  0/0    25:05   5:02   6:04 
Vince Dunn               0  1  1   1  2   1  1  0  0  0  0/0    12:30   0:00   0:00 
Zach Whitecloud          0  0  0   1  4   2  2  1  0  0  0/0    12:46   0:00   0:14 

Players Stats for Anaheim Ducks

Player Name              G  A  P  +/- PIM S  H  SB GA TA FO     MP     PP MP  PK MP  
------------------------------------------------------------------------------------
Alex Killorn             0  0  0   0  0   1  0  0  0  0  0/0    15:54   0:09   5:24 
Brayden Schenn           1  0  1  -1  0   4  1  0  0  0  0/1    20:32   5:25   4:06 
Brenden Dillon           0  0  0  -1  0   0  1  1  2  0  0/0    17:17   0:00   4:54 
Chandler Stephenson      0  0  0   0  0   2  1  0  1  0  6/10   14:37   0:08   5:05 
Esa Lindell              0  0  0  -1  0   1  1  0  0  0  0/0    20:18   0:42   5:22 
Ivan Provorov            0  0  0  -1  4   0  1  1  0  1  0/0    20:34   4:51   4:12 
J.T. Compher             0  0  0   0  0   1  1  0  0  0  1/1     9:43   0:09   3:58 
John Tavares             0  1  1  -1  0   1  1  0  1  0  7/10   16:40   5:26   0:24 
Joshua Morrissey         0  0  0  -2  0   2  0  2  1  0  0/0    22:21   7:46   0:49 
Kevin Bahl               0  0  0   0  0   0  0  0  0  0  0/0    12:24   0:00   0:49 
Mark Scheifele           0  0  0  -2  0   2  2  1  0  0  18/23  19:19   6:22   0:19 
Mason Marchment          0  0  0  -1  4   3  1  0  1  0  0/0    15:53   5:25   0:00 
Morgan Rielly            0  0  0   0  0   1  0  0  0  0  0/0     8:10   7:04   0:00 
Nazem Kadri              0  0  0  -1  2   2  0  0  0  0  2/2    18:02   5:40   0:34 
Parker Kelly             0  0  0   0  2   0  2  0  0  0  0/0     5:01   0:00   0:00 
Philip Broberg           0  0  0  -1  0   0  0  0  0  0  0/0    20:01   4:10   3:44 
Will Cuylle              0  0  0   0  0   2  0  0  0  0  0/0     9:09   0:00   0:00 
William Nylander         0  0  0  -2  0   5  1  0  1  0  2/2    22:05   6:22   0:00 

3 Stars

1 - Nikita Kucherov (COL)
2 - Joey Daccord (COL)
3 - Quinn Hughes (COL)

Power Play

Colorado Rockies - 0 on 6 Attempt(s) - 0.00%
Anaheim Ducks - 1 on 8 Attempt(s) - 12.50%

Penalty Kill

Colorado Rockies - 7 on 8 Attempt(s) - 87.50% - Score 0 goal in Penalty Kill
Anaheim Ducks - 6 on 6 Attempt(s) - 100.00% - Score 0 goal in Penalty Kill

Team Stat

Colorado Rockies - Hits : 18 - Faceoff Wins : 13 - Blocked Shots : 7 - Penalty Minutes : 16
Anaheim Ducks - Hits : 13 - Faceoff Wins : 36 - Blocked Shots : 5 - Penalty Minutes : 12

Official

Referees : Mitch Dunning and Tj Luxmore
Linesman : Michel Cormier and Justin Johnson

Game Notes

No Game Note

Finance

Level 1 -- Attendance: 4329 (72.15%) -- Ticket Income $432,900
Level 2 -- Attendance: 3550 (71.00%) -- Ticket Income $213,000
Level 3 -- Attendance: 2130 (71.00%) -- Ticket Income $97,980
Level 4 -- Attendance: 3550 (71.00%) -- Ticket Income $88,750
Luxury Box -- Attendance: 784 (78.40%) -- Ticket Income $156,800
Game was played at the Honda Center.
Total Attendance: 14343 (71.72%)
Total Ticket Income: $989,430
Other Income: $346,300
Total Income: $1,335,730

Colorado Rockies

5 vs 5 Forward 
   Center                   Left Wing                Right Wing               Time % Phy DF OF 
 1 Tim Stutzle              Kyle Connor              Nikita Kucherov          26     0   0  5  
 2 Kyle Palmieri            Jesper Bratt             David Pastrnak           26     1   2  2  
 3 Nick Schmaltz            Michael Bunting          Kevin Hayes              26     1   2  2  
 4 Evgeny Kuznetsov         Nick Bonino              Philipp Kurashev         22     5   0  0  

5 vs 5 Defense 
   Defense                  Defense                                           Time % Phy DF OF 
 1 Victor Hedman            Martin Fehervary                                  33     1   2  2  
 2 Quinn Hughes             Andrew Peeke                                      33     1   2  2  
 3 Vince Dunn               Zach Whitecloud                                   33     1   2  2  
 4 Victor Hedman            Martin Fehervary                                  1      1   2  2  

PowerPlay Forward 
   Center                   Left Wing                Right Wing               Time % Phy DF OF 
 1 Tim Stutzle              Kyle Connor              Nikita Kucherov          50     1   2  2  
 2 Kyle Palmieri            Jesper Bratt             David Pastrnak           50     1   2  2  

PowerPlay Defense
   Defense                  Defense                                           Time % Phy DF OF 
 1 Victor Hedman            Martin Fehervary                                  50     1   2  2  
 2 Quinn Hughes             Andrew Peeke                                      50     1   2  2  

Penalty Kill 4 Players Forward 
   Center                   Wing                     Time % Phy DF OF 
 1 Nick Schmaltz            Michael Bunting          50     1   2  2  
 2 Kevin Hayes              Kyle Connor              50     1   2  2  

Penalty Kill 4 Players Defense
   Defense                  Defense                  Time % Phy DF OF 
 1 Victor Hedman            Martin Fehervary         50     1   2  2  
 2 Quinn Hughes             Andrew Peeke             50     1   2  2  

Penalty Kill - 3 Players Forward 
   Forward                                           Time % Phy DF OF 
 1 Kevin Hayes                                       50     1   2  2  
 2 Nick Schmaltz                                     50     1   2  2  

Penalty Kill - 3 Players Defense
   Defense                  Defense                  Time % Phy DF OF 
 1 Victor Hedman            Martin Fehervary         50     1   2  2  
 2 Quinn Hughes             Andrew Peeke             50     1   2  2  

4 vs 4 Forward 
   Center                   Wing                     Time % Phy DF OF 
 1 Tim Stutzle              Nikita Kucherov          50     1   2  2  
 2 Kyle Palmieri            Kyle Connor              50     1   2  2  

4 vs 4 Defense
   Defense                  Defense                  Time % Phy DF OF 
 1 Victor Hedman            Martin Fehervary         50     1   2  2  
 2 Quinn Hughes             Andrew Peeke             50     1   2  2  

Last Minutes Offensive
   Center                   Left Wing                Right Wing               Defense                  Defense                  
   Tim Stutzle              Kyle Connor              Nikita Kucherov          Victor Hedman            Martin Fehervary         

Last Minutes Defensive
   Center                   Left Wing                Right Wing               Defense                  Defense                  
   Tim Stutzle              Kyle Connor              Nikita Kucherov          Victor Hedman            Martin Fehervary         

Goaltenders
Starting : Joey Daccord             
Backup : Arvid Soderblom          

Extra Forwards
Normal : Evgeny Kuznetsov, Nick Schmaltz, Michael Bunting - PP : Evgeny Kuznetsov, Nick Schmaltz - PK : Michael Bunting
Extra Defensemen
Normal : Victor Hedman, Zach Whitecloud, Quinn Hughes - PP : Martin Fehervary - PK : Zach Whitecloud, Quinn Hughes
Penalty Shots
Nikita Kucherov, Tim Stutzle, David Pastrnak, Kyle Connor, Jesper Bratt

Scratches
Timothy Liljegren (Healthy), Daniil Tarasov (Right Hand Injury)

Anaheim Ducks

5 vs 5 Forward 
   Center                   Left Wing                Right Wing               Time % Phy DF OF 
 1 Mark Scheifele           Nazem Kadri              William Nylander         40     1   2  2  
 2 John Tavares             Mason Marchment          Brayden Schenn           30     1   2  2  
 3 Chandler Stephenson      Will Cuylle              Alex Killorn             20     1   2  2  
 4 J.T. Compher             Parker Kelly             William Nylander         10     1   2  2  

5 vs 5 Defense 
   Defense                  Defense                                           Time % Phy DF OF 
 1 Esa Lindell              Joshua Morrissey                                  36     1   2  2  
 2 Ivan Provorov            Philip Broberg                                    33     1   2  2  
 3 Kevin Bahl               Brenden Dillon                                    31     1   2  2  
 4 Esa Lindell              Morgan Rielly                                     0      1   2  2  

PowerPlay Forward 
   Center                   Left Wing                Right Wing               Time % Phy DF OF 
 1 Mark Scheifele           Nazem Kadri              William Nylander         50     1   0  4  
 2 John Tavares             Mason Marchment          Brayden Schenn           50     1   0  4  

PowerPlay Defense
   Defense                  Defense                                           Time % Phy DF OF 
 1 Joshua Morrissey         Morgan Rielly                                     60     1   2  2  
 2 Ivan Provorov            Philip Broberg                                    40     1   2  2  

Penalty Kill 4 Players Forward 
   Center                   Wing                     Time % Phy DF OF 
 1 Chandler Stephenson      Alex Killorn             60     1   3  1  
 2 J.T. Compher             Brayden Schenn           40     1   3  1  

Penalty Kill 4 Players Defense
   Defense                  Defense                  Time % Phy DF OF 
 1 Esa Lindell              Ivan Provorov            60     1   4  0  
 2 Brenden Dillon           Philip Broberg           40     1   4  0  

Penalty Kill - 3 Players Forward 
   Forward                                           Time % Phy DF OF 
 1 Chandler Stephenson                               60     1   4  0  
 2 Alex Killorn                                      40     1   4  0  

Penalty Kill - 3 Players Defense
   Defense                  Defense                  Time % Phy DF OF 
 1 Esa Lindell              Ivan Provorov            60     1   4  0  
 2 Brenden Dillon           Philip Broberg           40     1   4  0  

4 vs 4 Forward 
   Center                   Wing                     Time % Phy DF OF 
 1 Mark Scheifele           William Nylander         60     1   2  2  
 2 John Tavares             Nazem Kadri              40     1   2  2  

4 vs 4 Defense
   Defense                  Defense                  Time % Phy DF OF 
 1 Esa Lindell              Joshua Morrissey         60     1   2  2  
 2 Brenden Dillon           Ivan Provorov            40     1   2  2  

Last Minutes Offensive
   Center                   Left Wing                Right Wing               Defense                  Defense                  
   Mark Scheifele           Nazem Kadri              William Nylander         Joshua Morrissey         Philip Broberg           

Last Minutes Defensive
   Center                   Left Wing                Right Wing               Defense                  Defense                  
   Chandler Stephenson      Alex Killorn             Brayden Schenn           Ivan Provorov            Esa Lindell              

Goaltenders
Starting : Linus Ullmark            
Backup : James Reimer             

Extra Forwards
Normal : William Nylander, Mark Scheifele, Nazem Kadri - PP : William Nylander, Nazem Kadri - PK : Chandler Stephenson
Extra Defensemen
Normal : Esa Lindell, Ivan Provorov, Brenden Dillon - PP : Joshua Morrissey - PK : Esa Lindell, Ivan Provorov
Penalty Shots
Chandler Stephenson, Mark Scheifele, Brayden Schenn, Alex Killorn, William Nylander

Scratches
Jonny Brodzinski (Healthy)

% Time on Ice - Colorado Rockies

Lines # - Real PCT - Wanted PCT - Time Play
Normal Forward
1 - 26% - 26% - 9:19
2 - 26% - 26% - 9:30
3 - 26% - 26% - 9:17
4 - 22% - 22% - 8:04
Normal Defense
1 - 33% - 33% - 11:54
2 - 30% - 33% - 10:43
3 - 34% - 33% - 12:26
4 - 3% - 1% - 1:07
PP Forward
1 - 54% - 50% - 5:22
2 - 46% - 50% - 4:33
PP Defense
1 - 51% - 50% - 5:02
2 - 49% - 50% - 4:53
PK Forward
1 - 52% - 50% - 6:12
2 - 48% - 50% - 5:38
PK Defense
1 - 50% - 50% - 5:58
2 - 50% - 50% - 5:52
PK3 Forward
1 - 100% - 50% - 0:06
2 - 0% - 50% - 0:00
PK3 Defense
1 - 100% - 50% - 0:06
2 - 0% - 50% - 0:00
44 Forward
1 - 56% - 50% - 1:07
2 - 44% - 50% - 0:52
44 Defense
1 - 49% - 50% - 0:58
2 - 51% - 50% - 1:01
Last Minute Offensive  - 0:00
Last Minute Defensive  - 0:00
Total
Forward - 60:00
Defense - 60:00

% Time on Ice - Anaheim Ducks

Lines # - Real PCT - Wanted PCT - Time Play
Normal Forward
1 - 31% - 40% - 11:16
2 - 30% - 30% - 10:44
3 - 25% - 20% - 9:09
4 - 14% - 10% - 5:01
Normal Defense
1 - 34% - 36% - 12:13
2 - 34% - 33% - 12:07
3 - 30% - 31% - 10:44
4 - 3% - 0% - 1:06
PP Forward
1 - 53% - 50% - 6:22
2 - 47% - 50% - 5:34
PP Defense
1 - 65% - 60% - 7:46
2 - 35% - 40% - 4:10
PK Forward
1 - 76% - 60% - 7:30
2 - 24% - 40% - 2:25
PK Defense
1 - 62% - 60% - 6:11
2 - 38% - 40% - 3:44
PK3 Forward
1 - 0% - 60%
2 - 0% - 40%
PK3 Defense
1 - 0% - 60%
2 - 0% - 40%
44 Forward
1 - 91% - 60% - 1:48
2 - 9% - 40% - 0:11
44 Defense
1 - 67% - 60% - 1:20
2 - 33% - 40% - 0:39
Last Minute Offensive  - 0:00
Last Minute Defensive  - 0:00
Total
Forward - 60:00
Defense - 60:00

Play-by-Play

1st period


0:01 of 1st period - Mark Scheifele wins face-off versus Tim Stutzle in neutral zone.
0:51 of 1st period - Wrist shot by Chandler Stephenson.
0:51 of 1st period - Shot Misses the Net.
1:11 of 1st period - Andrew Peeke is hit by J.T. Compher and loses puck.
1:32 of 1st period - Andrew Peeke is hit by Brayden Schenn and loses puck.
1:55 of 1st period - Snap shot by Chandler Stephenson.
1:55 of 1st period - Stopped by Joey Daccord with a rebound.
2:05 of 1st period - Wrist shot by Nick Schmaltz.
2:05 of 1st period - Stopped by Linus Ullmark without a rebound.
2:06 of 1st period - Mark Scheifele wins face-off versus Nick Schmaltz in Anaheim Ducks zone.
2:31 of 1st period - Brayden Schenn is hit by Tim Stutzle and loses puck.
3:16 of 1st period - Wrist shot by Mark Scheifele.
3:16 of 1st period - Shot Misses the Net.
3:18 of 1st period - Slapshot by Joshua Morrissey.
3:18 of 1st period - Shot Blocked by Martin Fehervary.
4:04 of 1st period - Slapshot by Will Cuylle.
4:04 of 1st period - Shot Misses the Net.
4:16 of 1st period - Wrist shot by Mark Scheifele.
4:16 of 1st period - Shot Blocked by Zach Whitecloud.
4:31 of 1st period - Icing by Chandler Stephenson.
4:32 of 1st period - Tim Stutzle wins face-off versus Chandler Stephenson in Anaheim Ducks zone.
4:33 of 1st period - Snap shot by Nikita Kucherov.
4:33 of 1st period - Deflect By Kyle Connor.
4:33 of 1st period - Stopped by Linus Ullmark without a rebound.
4:34 of 1st period - Chandler Stephenson wins face-off versus Tim Stutzle in Anaheim Ducks zone.
4:53 of 1st period - Snap shot by Kyle Connor.
4:53 of 1st period - Shot Misses the Net.
5:00 of 1st period - Minor Penalty to Nikita Kucherov for Hooking.
5:01 of 1st period - Mark Scheifele wins face-off versus Nick Schmaltz in Colorado Rockies zone.
5:02 of 1st period - Wrist shot by William Nylander.
5:02 of 1st period - Shot Misses the Net.
5:04 of 1st period - Snap shot by Morgan Rielly.
5:04 of 1st period - Stopped by Joey Daccord without a rebound.
5:05 of 1st period - Michael Bunting wins face-off versus Mark Scheifele in Colorado Rockies zone.
5:05 of 1st period - Michael Bunting is hit by William Nylander.
5:35 of 1st period - Snap shot by Brayden Schenn.
5:35 of 1st period - Deflect By Victor Hedman.
5:35 of 1st period - Stopped by Joey Daccord with a rebound.
5:37 of 1st period - Snap shot by John Tavares.
5:37 of 1st period - Shot Hit the Post.
7:00 of 1st period - Penalty to Nikita Kucherov is over, Nikita Kucherov is back on ice.
7:13 of 1st period - Snap shot by Will Cuylle.
7:13 of 1st period - Shot Blocked by Quinn Hughes.
7:15 of 1st period - Snap shot by Will Cuylle.
7:15 of 1st period - Deflect By Chandler Stephenson.
7:15 of 1st period - Stopped by Joey Daccord with a rebound.
7:30 of 1st period - Snap shot by David Pastrnak.
7:30 of 1st period - Stopped by Linus Ullmark with a rebound.
10:09 of 1st period - Brayden Schenn is hit by Vince Dunn.
10:16 of 1st period - Icing by Ivan Provorov.
10:17 of 1st period - John Tavares wins face-off versus Tim Stutzle in Anaheim Ducks zone.
10:17 of 1st period - John Tavares is hit by Nikita Kucherov.
10:49 of 1st period - Kyle Palmieri is hit by Chandler Stephenson and loses puck.
11:01 of 1st period - Kevin Hayes is hit by Parker Kelly and loses puck.
11:05 of 1st period - Vince Dunn is hit by Parker Kelly and loses puck.
11:10 of 1st period - Slapshot by Vince Dunn.
11:10 of 1st period - Shot Misses the Net.
11:12 of 1st period - Minor Penalty to Nazem Kadri for Slashing.
11:13 of 1st period - Tim Stutzle wins face-off versus Chandler Stephenson in Anaheim Ducks zone.
11:18 of 1st period - Snap shot by Nikita Kucherov.
11:18 of 1st period - Stopped by Linus Ullmark with a rebound.
11:40 of 1st period - Esa Lindell is hit by Jesper Bratt and loses puck.
12:45 of 1st period - Nikita Kucherov is hit by Ivan Provorov and loses puck.
12:58 of 1st period - Mark Scheifele is hit by Kyle Palmieri and loses puck.
13:12 of 1st period - Penalty to Nazem Kadri is over, Nazem Kadri is back on ice.
13:21 of 1st period - Victor Hedman is hit by Mark Scheifele.
13:27 of 1st period - Snap shot by Kevin Hayes.
13:27 of 1st period - Stopped by Linus Ullmark with a rebound.
13:29 of 1st period - Slapshot by Martin Fehervary.
13:29 of 1st period - Deflect By Nick Schmaltz.
13:29 of 1st period - Stopped by Linus Ullmark with a rebound.
13:36 of 1st period - Minor Penalty to Nick Schmaltz for Tripping.
13:37 of 1st period - Mark Scheifele wins face-off versus Tim Stutzle in Colorado Rockies zone.
13:45 of 1st period - Snap shot by William Nylander.
13:45 of 1st period - Stopped by Joey Daccord with a rebound.
15:36 of 1st period - Penalty to Nick Schmaltz is over, Nick Schmaltz is back on ice.
15:53 of 1st period - Snap shot by Will Cuylle.
15:53 of 1st period - Stopped by Joey Daccord with a rebound.
16:48 of 1st period - Snap shot by Vince Dunn.
16:48 of 1st period - Deflect By Nick Schmaltz.
16:48 of 1st period - Shot Blocked by Mark Scheifele.
16:48 of 1st period - Puck is out of play.
16:49 of 1st period - Mark Scheifele wins face-off versus Nick Schmaltz in Anaheim Ducks zone.
16:49 of 1st period - Mark Scheifele is hit by Nick Schmaltz.
17:19 of 1st period - Off-side.
17:20 of 1st period - Mark Scheifele wins face-off versus Kyle Palmieri in neutral zone.
17:23 of 1st period - Wrist shot by Mark Scheifele.
17:23 of 1st period - Shot Misses the Net.
17:28 of 1st period - Minor Penalty to Ivan Provorov for Roughing.
17:29 of 1st period - Kyle Palmieri wins face-off versus Chandler Stephenson in Anaheim Ducks zone.
19:28 of 1st period - Penalty to Ivan Provorov is over, Ivan Provorov is back on ice.
Goals for this period are 0 for Colorado Rockies vs 0 for Anaheim Ducks.
Shots for this period are 6 for Colorado Rockies vs 6 for Anaheim Ducks.

2nd period


0:01 of 2nd period - Nazem Kadri wins face-off versus Kyle Palmieri in neutral zone.
0:53 of 2nd period - Wrist shot by Michael Bunting.
0:53 of 2nd period - Stopped by Linus Ullmark with a rebound.
1:16 of 2nd period - William Nylander is hit by Nick Bonino and loses puck.
1:35 of 2nd period - Chandler Stephenson is hit by Kyle Connor and loses puck.
2:47 of 2nd period - Wrist shot by Nikita Kucherov.
2:47 of 2nd period - Goal by Nikita Kucherov - Colorado Rockies : 1 - Anaheim Ducks : 0.
2:48 of 2nd period - Mark Scheifele wins face-off versus Nick Schmaltz in neutral zone.
4:14 of 2nd period - Snap shot by Brayden Schenn.
4:14 of 2nd period - Stopped by Joey Daccord with a rebound.
4:24 of 2nd period - Snap shot by Nick Schmaltz.
4:24 of 2nd period - Shot Blocked by Brenden Dillon.
5:14 of 2nd period - Ivan Provorov is hit by Zach Whitecloud and loses puck.
5:27 of 2nd period - Snap shot by Nick Schmaltz.
5:27 of 2nd period - Stopped by Linus Ullmark with a rebound.
5:29 of 2nd period - Wrist shot by Michael Bunting.
5:29 of 2nd period - Goal by Michael Bunting - Colorado Rockies : 2 - Anaheim Ducks : 0.
5:30 of 2nd period - Mark Scheifele wins face-off versus Nick Schmaltz in neutral zone.
5:33 of 2nd period - Wrist shot by Nazem Kadri.
5:33 of 2nd period - Stopped by Joey Daccord without a rebound.
5:34 of 2nd period - William Nylander wins face-off versus Nick Schmaltz in Colorado Rockies zone.
5:43 of 2nd period - Wrist shot by Michael Bunting.
5:43 of 2nd period - Stopped by Linus Ullmark without a rebound.
5:44 of 2nd period - Kyle Palmieri wins face-off versus Mark Scheifele in Anaheim Ducks zone.
5:47 of 2nd period - Snap shot by Jesper Bratt.
5:47 of 2nd period - Stopped by Linus Ullmark with a rebound.
5:50 of 2nd period - Icing by William Nylander.
5:51 of 2nd period - Kyle Palmieri wins face-off versus Mark Scheifele in Anaheim Ducks zone.
5:52 of 2nd period - Snap shot by Jesper Bratt.
5:52 of 2nd period - Shot Misses the Net.
6:22 of 2nd period - Minor Penalty to David Pastrnak for Delaying the game.
6:23 of 2nd period - John Tavares wins face-off versus Kevin Hayes in Colorado Rockies zone.
6:27 of 2nd period - Slapshot by John Tavares.
6:27 of 2nd period - Stopped by Joey Daccord with a rebound.
6:29 of 2nd period - Snap shot by Brayden Schenn.
6:29 of 2nd period - Goal by Brayden Schenn - Colorado Rockies : 2 - Anaheim Ducks : 1.
6:30 of 2nd period - Mark Scheifele wins face-off versus Kevin Hayes in neutral zone.
6:58 of 2nd period - Off-side.
6:59 of 2nd period - John Tavares wins face-off versus Kyle Palmieri in neutral zone.
7:08 of 2nd period - Wrist shot by Brayden Schenn.
7:08 of 2nd period - Stopped by Joey Daccord without a rebound.
7:09 of 2nd period - Mark Scheifele wins face-off versus Nick Schmaltz in Colorado Rockies zone.
7:27 of 2nd period - Minor Penalty to Vince Dunn for High sticking.
7:28 of 2nd period - John Tavares wins face-off versus Kevin Hayes in Colorado Rockies zone.
8:24 of 2nd period - Slapshot by William Nylander.
8:24 of 2nd period - Stopped by Joey Daccord with a rebound.
9:27 of 2nd period - Penalty to Vince Dunn is over, Vince Dunn is back on ice.
10:59 of 2nd period - Kevin Bahl is hit by Tim Stutzle and loses puck.
11:29 of 2nd period - Mark Scheifele is hit by Kyle Palmieri.
12:09 of 2nd period - Snap shot by Tim Stutzle.
12:09 of 2nd period - Deflect By Nikita Kucherov.
12:09 of 2nd period - Shot Blocked by Joshua Morrissey.
12:09 of 2nd period - Puck is out of play.
12:10 of 2nd period - J.T. Compher wins face-off versus Tim Stutzle in Anaheim Ducks zone.
12:58 of 2nd period - Kevin Bahl is hit by Jesper Bratt and loses puck.
13:23 of 2nd period - Wrist shot by Kyle Palmieri.
13:23 of 2nd period - Shot Misses the Net.
13:30 of 2nd period - Minor Penalty to Mason Marchment for Hooking.
13:31 of 2nd period - Chandler Stephenson wins face-off versus Tim Stutzle in Anaheim Ducks zone.
13:31 of 2nd period - Chandler Stephenson is hit by Nikita Kucherov.
13:37 of 2nd period - Snap shot by Chandler Stephenson.
13:37 of 2nd period - Shot Blocked by Kyle Connor.
14:09 of 2nd period - Snap shot by Brayden Schenn.
14:09 of 2nd period - Shot Misses the Net.
14:59 of 2nd period - Ivan Provorov is hit by Victor Hedman and loses puck.
15:30 of 2nd period - Penalty to Mason Marchment is over, Mason Marchment is back on ice.
15:46 of 2nd period - Slapshot by Mark Scheifele.
15:46 of 2nd period - Shot Misses the Net.
15:48 of 2nd period - Snap shot by Mark Scheifele.
15:48 of 2nd period - Stopped by Joey Daccord without a rebound.
15:49 of 2nd period - Mark Scheifele wins face-off versus Nick Schmaltz in Colorado Rockies zone.
15:50 of 2nd period - Wrist shot by William Nylander.
15:50 of 2nd period - Stopped by Joey Daccord without a rebound.
15:50 of 2nd period - Minor Penalty to Joey Daccord for Slashing.
15:51 of 2nd period - Kevin Hayes wins face-off versus John Tavares in Colorado Rockies zone.
15:51 of 2nd period - Kevin Hayes is hit by John Tavares.
16:01 of 2nd period - Wrist shot by Kevin Hayes.
16:01 of 2nd period - Stopped by Linus Ullmark with a rebound.
16:03 of 2nd period - Wrist shot by Victor Hedman.
16:03 of 2nd period - Stopped by Linus Ullmark with a rebound.
17:50 of 2nd period - Penalty to Zach Whitecloud is over, Zach Whitecloud is back on ice.
17:54 of 2nd period - Snap shot by Kyle Connor.
17:54 of 2nd period - Shot Misses the Net.
17:56 of 2nd period - Wrist shot by Zach Whitecloud.
17:56 of 2nd period - Deflect By Kevin Hayes.
17:56 of 2nd period - Shot Blocked by Ivan Provorov.
17:56 of 2nd period - Puck is out of play.
17:57 of 2nd period - Chandler Stephenson wins face-off versus Evgeny Kuznetsov in Anaheim Ducks zone.
17:57 of 2nd period - Chandler Stephenson is hit by Zach Whitecloud.
18:29 of 2nd period - Wrist shot by J.T. Compher.
18:29 of 2nd period - Stopped by Joey Daccord with a rebound.
19:06 of 2nd period - Will Cuylle is hit by Nikita Kucherov and loses puck.
Goals for this period are 2 for Colorado Rockies vs 1 for Anaheim Ducks.
Shots for this period are 8 for Colorado Rockies vs 9 for Anaheim Ducks.

3rd period


0:01 of 3rd period - Mark Scheifele wins face-off versus Nick Schmaltz in neutral zone.
0:06 of 3rd period - Snap shot by William Nylander.
0:06 of 3rd period - Stopped by Joey Daccord without a rebound.
0:07 of 3rd period - Nick Schmaltz wins face-off versus Mark Scheifele in Colorado Rockies zone.
0:40 of 3rd period - Slapshot by Martin Fehervary.
0:40 of 3rd period - Shot Blocked by Joshua Morrissey.
0:45 of 3rd period - Icing by Mark Scheifele.
0:46 of 3rd period - Mark Scheifele wins face-off versus Tim Stutzle in Anaheim Ducks zone.
1:12 of 3rd period - Wrist shot by Mason Marchment.
1:12 of 3rd period - Stopped by Joey Daccord without a rebound.
1:13 of 3rd period - Nick Schmaltz wins face-off versus John Tavares in Colorado Rockies zone.
1:18 of 3rd period - Wrist shot by Victor Hedman.
1:18 of 3rd period - Stopped by Linus Ullmark without a rebound.
1:19 of 3rd period - Tim Stutzle wins face-off versus John Tavares in Anaheim Ducks zone.
1:20 of 3rd period - Backhand shot by Nikita Kucherov.
1:20 of 3rd period - Shot Misses the Net.
1:50 of 3rd period - Slapshot by Victor Hedman.
1:50 of 3rd period - Stopped by Linus Ullmark with a rebound.
2:05 of 3rd period - Off-side.
2:06 of 3rd period - Mark Scheifele wins face-off versus Evgeny Kuznetsov in neutral zone.
2:19 of 3rd period - Wrist shot by Nazem Kadri.
2:19 of 3rd period - Stopped by Joey Daccord with a rebound.
2:21 of 3rd period - Backhand shot by Joshua Morrissey.
2:21 of 3rd period - Stopped by Joey Daccord with a rebound.
3:08 of 3rd period - Minor Penalty to Parker Kelly for Hooking.
3:09 of 3rd period - Chandler Stephenson wins face-off versus Kyle Palmieri in Anaheim Ducks zone.
5:08 of 3rd period - Penalty to Parker Kelly is over, Parker Kelly is back on ice.
5:25 of 3rd period - Andrew Peeke is hit by Esa Lindell and loses puck.
5:44 of 3rd period - Wrist shot by Philipp Kurashev.
5:44 of 3rd period - Stopped by Linus Ullmark with a rebound.
5:46 of 3rd period - Slapshot by Andrew Peeke.
5:46 of 3rd period - Shot Misses the Net.
5:58 of 3rd period - Slapshot by Nick Schmaltz.
5:58 of 3rd period - Stopped by Linus Ullmark with a rebound.
6:00 of 3rd period - Slapshot by Zach Whitecloud.
6:00 of 3rd period - Stopped by Linus Ullmark with a rebound.
6:21 of 3rd period - Off-side.
6:22 of 3rd period - Tim Stutzle wins face-off versus Chandler Stephenson in neutral zone.
6:45 of 3rd period - Kevin Hayes is hit by Mason Marchment and loses puck.
6:54 of 3rd period - Snap shot by Nick Schmaltz.
6:54 of 3rd period - Deflect By Kevin Hayes.
6:54 of 3rd period - Stopped by Linus Ullmark with a rebound.
7:16 of 3rd period - Slapshot by Will Cuylle.
7:16 of 3rd period - Stopped by Joey Daccord without a rebound.
7:17 of 3rd period - Chandler Stephenson wins face-off versus Tim Stutzle in Colorado Rockies zone.
7:25 of 3rd period - Double Minor Penalty to Zach Whitecloud for Slashing.
7:26 of 3rd period - John Tavares wins face-off versus Kevin Hayes in Colorado Rockies zone.
7:27 of 3rd period - Snap shot by Brayden Schenn.
7:27 of 3rd period - Shot Blocked by Quinn Hughes.
7:29 of 3rd period - Snap shot by Brayden Schenn.
7:29 of 3rd period - Shot Misses the Net.
7:31 of 3rd period - Wrist shot by Mason Marchment.
7:31 of 3rd period - Shot Misses the Net.
7:33 of 3rd period - Snap shot by John Tavares.
7:33 of 3rd period - Shot Misses the Net.
7:35 of 3rd period - Slapshot by Brayden Schenn.
7:35 of 3rd period - Shot Misses the Net.
7:39 of 3rd period - Snap shot by Brayden Schenn.
7:39 of 3rd period - Deflect By John Tavares.
7:39 of 3rd period - Shot Misses the Net.
7:39 of 3rd period - Puck is out of play.
7:40 of 3rd period - William Nylander wins face-off versus Kevin Hayes in Colorado Rockies zone.
7:43 of 3rd period - Wrist shot by Mark Scheifele.
7:43 of 3rd period - Shot Misses the Net.
7:45 of 3rd period - Slapshot by Joshua Morrissey.
7:45 of 3rd period - Stopped by Joey Daccord without a rebound.
7:46 of 3rd period - Mark Scheifele wins face-off versus Kevin Hayes in Colorado Rockies zone.
8:19 of 3rd period - Snap shot by John Tavares.
8:19 of 3rd period - Deflect By Mason Marchment.
8:19 of 3rd period - Stopped by Joey Daccord with a rebound.
8:21 of 3rd period - Wrist shot by Mason Marchment.
8:21 of 3rd period - Stopped by Joey Daccord with a rebound.
8:23 of 3rd period - Snap shot by Brayden Schenn.
8:23 of 3rd period - Shot Misses the Net.
8:34 of 3rd period - Minor Penalty to Ivan Provorov for Roughing.
8:35 of 3rd period - Mark Scheifele wins face-off versus Tim Stutzle in Anaheim Ducks zone.
8:50 of 3rd period - Snap shot by William Nylander.
8:50 of 3rd period - Stopped by Joey Daccord with a rebound.
9:32 of 3rd period - Icing by Nazem Kadri.
9:33 of 3rd period - Nazem Kadri wins face-off versus Kyle Palmieri in Anaheim Ducks zone.
9:33 of 3rd period - Nazem Kadri is hit by Kyle Palmieri.
9:55 of 3rd period - Wrist shot by Nikita Kucherov.
9:55 of 3rd period - Stopped by Linus Ullmark without a rebound.
9:56 of 3rd period - Mark Scheifele wins face-off versus Tim Stutzle in Anaheim Ducks zone.
10:25 of 3rd period - Snap shot by Quinn Hughes.
10:25 of 3rd period - Goal by Quinn Hughes - Colorado Rockies : 3 - Anaheim Ducks : 1.
10:26 of 3rd period - Kyle Palmieri wins face-off versus Mark Scheifele in neutral zone.
10:34 of 3rd period - Penalty to Ivan Provorov is over, Ivan Provorov is back on ice.
10:53 of 3rd period - Snap shot by Mark Scheifele.
10:53 of 3rd period - Shot Blocked by Martin Fehervary.
10:55 of 3rd period - Wrist shot by Mark Scheifele.
10:55 of 3rd period - Stopped by Joey Daccord with a rebound.
11:13 of 3rd period - Slapshot by William Nylander.
11:13 of 3rd period - Shot Misses the Net.
11:15 of 3rd period - Slapshot by Esa Lindell.
11:15 of 3rd period - Stopped by Joey Daccord without a rebound.
11:16 of 3rd period - Nick Schmaltz wins face-off versus Brayden Schenn in Colorado Rockies zone.
11:18 of 3rd period - Minor Penalty to Michael Bunting for Hooking.
11:19 of 3rd period - John Tavares wins face-off versus Kevin Hayes in Colorado Rockies zone.
11:25 of 3rd period - Penalty to Zach Whitecloud is over, Zach Whitecloud is back on ice.
11:30 of 3rd period - Wrist shot by John Tavares.
11:30 of 3rd period - Shot Misses the Net.
11:34 of 3rd period - Snap shot by John Tavares.
11:34 of 3rd period - Shot Misses the Net.
11:52 of 3rd period - Quinn Hughes is hit by Mark Scheifele and loses puck.
13:18 of 3rd period - Penalty to Michael Bunting is over, Michael Bunting is back on ice.
13:24 of 3rd period - Snap shot by Philipp Kurashev.
13:24 of 3rd period - Shot Misses the Net.
13:30 of 3rd period - Snap shot by Philipp Kurashev.
13:30 of 3rd period - Stopped by Linus Ullmark with a rebound.
14:21 of 3rd period - Minor Penalty to Mason Marchment for Interference.
14:22 of 3rd period - Chandler Stephenson wins face-off versus Tim Stutzle in Anaheim Ducks zone.
14:27 of 3rd period - Slapshot by Ivan Provorov.
14:27 of 3rd period - Shot Misses the Net.
14:29 of 3rd period - Slapshot by Esa Lindell.
14:29 of 3rd period - Shot Blocked by Victor Hedman.
14:31 of 3rd period - Snap shot by Alex Killorn.
14:31 of 3rd period - Shot Misses the Net.
14:39 of 3rd period - Slapshot by Alex Killorn.
14:39 of 3rd period - Stopped by Joey Daccord with a rebound.
16:21 of 3rd period - Penalty to Mason Marchment is over, Mason Marchment is back on ice.
16:25 of 3rd period - Slapshot by Nick Schmaltz.
16:25 of 3rd period - Stopped by Linus Ullmark with a rebound.
16:27 of 3rd period - Slapshot by Zach Whitecloud.
16:27 of 3rd period - Stopped by Linus Ullmark with a rebound.
16:29 of 3rd period - Wrist shot by Kevin Hayes.
16:29 of 3rd period - Stopped by Linus Ullmark with a rebound.
16:31 of 3rd period - Wrist shot by Zach Whitecloud.
16:31 of 3rd period - Shot Hit the Post.
16:33 of 3rd period - Wrist shot by Michael Bunting.
16:33 of 3rd period - Shot Misses the Net.
16:35 of 3rd period - Slapshot by Vince Dunn.
16:35 of 3rd period - Stopped by Linus Ullmark without a rebound.
16:36 of 3rd period - Mark Scheifele wins face-off versus Evgeny Kuznetsov in Anaheim Ducks zone.
18:02 of 3rd period - Icing by Mark Scheifele.
18:03 of 3rd period - John Tavares wins face-off versus Kyle Palmieri in Anaheim Ducks zone.
18:58 of 3rd period - Victor Hedman is hit by Brenden Dillon and loses puck.
19:15 of 3rd period - Brenden Dillon is hit by Victor Hedman.
Goals for this period are 1 for Colorado Rockies vs 0 for Anaheim Ducks.
Shots for this period are 13 for Colorado Rockies vs 12 for Anaheim Ducks.